 Dungeon Crawl Stone Soup version 0.17-a0-1510-gb3fb22e (webtiles) character file.

3069 urechis the Covert (level 10, -13/102 HPs)
             Began as a Kobold Berserker on July 11, 2015.
             Was a High Priest of Trog.
             Mangled by an orc warrior
             ... wielding a +0 glaive
              (16 damage)
             ... on level 9 of the Dungeon.
             The game lasted 00:15:57 (7104 turns).

urechis the Covert (Kobold Berserker)               Turns: 7104, Time: 00:15:57

Health: -13/102    AC: 17    Str: 20    XL:     10   Next: 12%
Magic:  10/10      EV: 13    Int:  5    God:    Trog [*****.]
Gold:   474        SH:  0    Dex: 20    Spells: 0 memorised, 9 levels left

rFire  . . .     SeeInvis .     a - +2 short sword (protect)
rCold  + . .     Clarity  .     u - +2 scale mail {rC+}
rNeg   + . .     SustAt   .     (shield restricted)
rPois  .         Gourm    .     m - +2 hat
rElec  .         Spirit   .     x - +1 cloak
rCorr  .         Warding  +     (no gloves)
rMut   .         Stasis   .     (no boots)
MR     ++...                    r - amulet of warding
Stlth  ..........               (no ring)
                                (no ring)

@: berserking, regenerating, very quick, very resistant to hostile enchantments,
extremely unstealthy
A: carnivore 3
a: Burn Spellbooks, Berserk, Trog's Hand, Brothers in Arms, Renounce Religion


You were on level 9 of the Dungeon.
You worshipped Trog.
Trog was extremely pleased with you.
You were very full.

You visited 1 branch of the dungeon, and saw 9 of its levels.

You collected 474 gold pieces.

Inventory:

Hand weapons
 a - a +2 short sword of protection (weapon)
 b - a +0 blowgun
Missiles
 w - 2 throwing nets (quivered)
 G - 15 poisoned needles
 O - 7 curare-tipped needles
Armour
 m - a +2 hat (worn)
 p - a +0 buckler
 u - a +2 scale mail of cold resistance (worn)
 x - a +1 cloak (worn)
Jewellery
 r - an amulet of warding (around neck)
Magical devices
 n - a wand of enslavement (7)
 t - a wand of fireball (5)
 y - a wand of hasting (2)
 z - a wand of disintegration (17)
Scrolls
 f - a scroll of immolation {unknown}
 g - 3 scrolls of amnesia {unknown}
 i - 7 scrolls of identify {unknown}
 l - 3 scrolls of magic mapping {unknown}
 o - 9 scrolls of remove curse {unknown}
 s - 2 scrolls of teleportation {unknown}
 A - 4 scrolls of random uselessness {unknown}
 C - 2 scrolls of enchant armour {unknown}
 J - a scroll of recharging {unknown}
 M - a scroll of blinking {unknown}
 P - a scroll of fog {unknown}
Potions
 e - 2 potions of heal wounds
 h - a potion of degeneration {unknown}
 j - a potion of lignification {unknown}
 k - 2 potions of might {unknown}
 q - 3 potions of curing {unknown}
 v - a potion of berserk rage {unknown}
 B - a potion of haste {unknown}
 D - 2 potions of mutation {unknown}
 E - a potion of magic {unknown}
 L - 2 potions of agility {unknown}
 N - a potion of flight {unknown}
 Q - a potion of cure mutation {unknown}
Books
 F - a book of Flames

   Spells                             Type                      Level
   a - Flame Tongue                   Conjuration/Fire             1
   b - Throw Flame                    Conjuration/Fire             2
   c - Conjure Flame                  Conjuration/Fire             3
   d - Inner Flame                    Hexes/Fire                   3
   e - Sticky Flame                   Conjuration/Fire             4
   f - Fireball                       Conjuration/Fire             5
   Trog disapproves of the use of such an item.
 I - a book of Battle

   Spells                             Type                      Level
   a - Infusion                       Charms                       1
   b - Shroud of Golubria             Charms/Translocation         2
   c - Song of Slaying                Charms                       2
   d - Spectral Weapon                Hexes/Charms                 3
   e - Regeneration                   Charms/Necromancy            3
   Trog disapproves of the use of such an item.
Comestibles
 c - 7 meat rations
 d - 2 slices of pizza
 H - 2 royal jellies
 K - 6 beef jerkies


   Skills:
 - Level 10.0 Fighting
 - Level 8.0 Short Blades
 + Level 1.1 Throwing
 - Level 1.5 Armour
 - Level 2.4 Dodging
 - Level 12.0 Stealth


You had 9 spell levels left.
You didn't know any spells.

Dungeon Overview and Level Annotations

Branches:
Dungeon (9/15)             Temple (0/1) D:6            Lair (0/8) D:8
    Orc: D:9-12

Altars:
Dithmenos
Elyvilon
Fedhas
Kikubaaqudgha
Okawaru
Trog
Vehumet
Yredelemnul


Innate Abilities, Weirdness & Mutations

You are small and have problems with some larger weapons.
You are carnivorous and can eat meat at any time.


Message History

* * * LOW HITPOINT WARNING * * *
You hit the orc warrior but do no damage.
The orc warrior is moderately wounded.
The orc hits you but does no damage.
The orc priest invokes the aid of Beogh against you.
Something smites you!
* * * LOW HITPOINT WARNING * * *
The orc warrior hits you with a glaive!
* * * LOW HITPOINT WARNING * * *
An orc wizard comes into view. It is wielding a dagger.
You are too berserk!
You hit the orc warrior.
The orc warrior is moderately wounded.
You hit the orc warrior but do no damage.
The orc warrior is moderately wounded.
You closely miss the orc warrior.
The orc warrior is moderately wounded.
The orc warrior hits you but does no damage.
The orc warrior hits you with a glaive!
You die...

#..............
#.....$....o...
'.......o.o....
#..........o...
#................
#o..# #...#
#.o.####...#
#oo........#
#o@o.......#
#..........#
#..........#
#..........#
#####+##...####...#
+......#...####...#
#......#....#.....#
#......#))..#.....#
#......#>...#<....#


You could see 2 orc warriors, 2 orc priests, an orc wizard and 4 orcs.

Vanquished Creatures
  A fire drake (D:8)
  Sigmund (D:4)
  Edmund (D:4)
  An orc warrior (D:5)
  A water moccasin (D:7)
  2 ice beasts
  2 black bears
  2 ogres
  2 sky beasts
  A phantom (D:4)
  2 centaurs
  3 giant frogs
  A gnoll sergeant (D:5)
  3 scorpions
  6 hounds
  A giant frog zombie (D:5)
  2 crimson imps (D:8)
  7 orc wizards
  3 orc priests
  Terence (D:2)
  A worker ant (D:6)
  2 iguanas
  Robin (D:4)
  9 gnolls
  10 adders
  A shadow imp (D:6)
  An ooze (D:2)
  4 worms
  An adder skeleton (D:4)
  An adder zombie (D:5)
  5 giant geckos
  12 orcs
  A ball python (D:2)
  13 bats
  2 bat skeletons (D:5)
  A bat zombie (D:5)
  7 giant cockroaches
  15 goblins
  13 hobgoblins
  6 jackals
  A quokka (D:3)
  A giant newt (D:4)
  15 kobolds
  11 rats
177 creatures vanquished.

Notes
Turn   | Place    | Note
--------------------------------------------------------------
     0 | D:1      | urechis the Kobold Berserker began the quest for the Orb.
     0 | D:1      | Reached XP level 1. HP: 14/14 MP: 1/1
    65 | D:1      | Reached skill level 1 in Stealth
   134 | D:1      | Reached XP level 2. HP: 9/19 MP: 2/2
   289 | D:1      | Reached XP level 3. HP: 15/23 MP: 3/3
   530 | D:1      | Acquired Trog's second power
   931 | D:2      | Reached XP level 4. HP: 28/28 MP: 4/4
  1003 | D:2      | Reached skill level 5 in Stealth
  1129 | D:2      | Noticed Terence
  1143 | D:2      | Killed Terence
  1194 | D:2      | Reached skill level 6 in Stealth
  1229 | D:2      | Reached XP level 5. HP: 32/32 MP: 5/5
  1650 | D:3      | Found an iron altar of Okawaru.
  1754 | D:3      | Reached skill level 7 in Stealth
  1975 | D:3      | Found a white marble altar of Elyvilon.
  2021 | D:3      | Reached XP level 6. HP: 37/37 MP: 6/6
  2206 | D:4      | Reached skill level 8 in Stealth
  2339 | D:4      | Reached skill level 9 in Stealth
  2364 | D:4      | Reached XP level 7. HP: 31/41 MP: 7/7
  2416 | D:4      | Noticed Sigmund
  2435 | D:4      | Killed Sigmund
  2435 | D:4      | Reached skill level 10 in Stealth
  2599 | D:4      | Noticed Robin
  2603 | D:4      | Reached skill level 11 in Stealth
  2611 | D:4      | Noticed Edmund
  2614 | D:4      | Acquired Trog's third power
  2647 | D:4      | Killed Edmund
  2647 | D:4      | Reached XP level 8. HP: 46/46 MP: 8/8
  2653 | D:4      | Killed Robin
  2848 | D:4      | Reached skill level 12 in Stealth
  3084 | D:4      | Found an ancient bone altar of Kikubaaqudgha.
  3100 | D:5      | Entered Level 5 of the Dungeon
  3206 | D:5      | Reached skill level 5 in Short Blades
  3880 | D:5      | Reached skill level 5 in Fighting
  3883 | D:5      | Found a bloodstained altar of Trog.
  3985 | D:5      | Reached XP level 9. HP: 54/54 MP: 9/9
  4277 | D:5      | Found a bloodstained altar of Trog.
  4855 | D:6      | Found a blossoming altar of Fedhas.
  5090 | D:6      | Found a staircase to the Ecumenical Temple.
  5580 | D:7      | Found a basalt altar of Yredelemnul.
  5622 | D:7      | Found a shadowy altar of Dithmenos.
  6308 | D:8      | Found a radiant altar of Vehumet.
  6548 | D:8      | Found a staircase to the Lair.
  6548 | D:8      | Noticed a fire drake
  6563 | D:8      | Killed a fire drake
  6563 | D:8      | Received a gift from Trog
  6563 | D:8      | Reached XP level 10. HP: 67/67 MP: 10/10
  7014 | D:9      | Reached skill level 10 in Fighting
  7064 | D:9      | Reached skill level 1 in Throwing
  7101 | D:9      | HP: 1/102 [orc warrior/glaive (9)]
  7104 | D:9      | Mangled by an orc warrior

Vault maps used:
D:1:      lightli_arrival_maybe_door_vault
D:2:      first_bread, uniq_terence
D:3:      lemuel_round_altar, serial_corexii_hall, corexii_hall_statues_i,
          corexii_hall_statues_l, corexii_hall_statues_s,
          okawaru_metal_pillars_1_2
D:4:      serial_glass, glass_columns_a, glass_columns_b, lemuel_statue_altar,
          uniq_robin, uniq_edmund, uniq_sigmund
D:5:      lemuel_upstairs_altar, bloody_trog
D:6:      minmay_temple_entry_overgrown, minivault_5, fedhas_altar_4
D:7:      old_standard_altar, grunt_ogre_cave, grunt_dithmenos_smoke_and_mirrors
D:8:      nicolae_overflow_hidden_temple, minmay_lair_entry_lava,
          david_defended_altar_elf
D:9:      hiddenorc2_lemuel, nicolae_for_you_no_charge, uniq_gastronok

Action                   |  1- 3 |  4- 6 |  7- 9 | 10-12 || total
-------------------------+-------+-------+-------+-------++-------
Melee: Short sword       |    87 |   154 |   376 |    48 ||   665
Invok: Berserk           |     2 |     3 |     8 |     1 ||    14
       Trog's Hand       |       |     1 |     5 |     1 ||     7
  Use: Potion            |       |       |     1 |       ||     1
 Stab: Sleeping          |     4 |    15 |    31 |     1 ||    51
       Distracted        |       |       |     1 |       ||     1
  Eat: Chunk             |     8 |     9 |    21 |     3 ||    41
